 Dungeon Sprint DCSS version 0.20-a0-1101-g1de9d76 (webtiles) character file.

443 potatolord5000 the Blocker (level 6, -5/64 HPs)
             Began as a Minotaur Fighter on May 4, 2017.
             Slain by a tyrant leech (8 damage)
             ... in the Dungeon (Sprint II: "The Violet Keep of Menkaure").
             The game lasted 00:00:47 (71 turns).

potatolord5000 the Blocker (Minotaur Fighter)         Turns: 71, Time: 00:00:48

Health: -5/64      AC:  8    Str: 23    XL:     6   Next: 71%
Magic:  5/5        EV:  9    Int:  5    God:
Gold:   486        SH: 11    Dex:  9    Spells: 5/5 levels left

rFire    . . .     SeeInvis .   a - +0 war axe
rCold    . . .     Gourm    .   c - +0 shield
rNeg     . . .     Faith    .   b - +0 scale mail
rPois    .         Spirit   .   (helmet restricted)
rElec    .         Reflect  .   (no cloak)
rCorr    .         Harm     .   (no gloves)
MR       .....     NoTele   +   (no boots)
Stlth    ..........             (no amulet)
Regen    0.2/turn               (no ring)
MPRegen  0.1/turn               (no ring)

@: hasted, very quick
A: retaliatory headbutt, horns 2
a: no special abilities


You were in the Dungeon.
You were not hungry.

You visited 1 branch You collected 486 gold pieces.

Inventory:

Hand Weapons
 a - a +0 war axe (weapon)
Armour
 b - a +0 scale mail (worn)
 c - a +0 shield (worn)
Scrolls
 k - a scroll of blinking
Potions
 e - a potion of curing
 i - 2 potions of magic
Comestibles
 f - a bread ration


   Skills:
 + Level 9.5 Fighting
 + Level 8.6 Axes
 + Level 9.3 Armour
 + Level 9.7 Shields


You had 5 spell levels left.
You didn't know any spells.

Dungeon Overview and Level Annotations

Branches:
Dungeon (1/1)

Altars:


Innate Abilities, Weirdness & Mutations

You reflexively headbutt those who attack you in melee.
You have a pair of horns on your head.


Message History

The tyrant leech is lightly wounded.
The tyrant leech barely misses you.
You barely miss the tyrant leech. Your headbutt misses the tyrant leech.
The tyrant leech is lightly wounded.
You block the tyrant leech's attack.
You slash the tyrant leech!
The tyrant leech is moderately wounded.
The tyrant leech bites you.
* * * LOW HITPOINT WARNING * * *
The tyrant leech draws strength from your injuries!
You hit the tyrant leech but do no damage.
The tyrant leech is moderately wounded.
You feel yourself speed up. You block the tyrant leech's attack.
You slash the tyrant leech!
The tyrant leech is heavily wounded.
You barely miss the tyrant leech. Your headbutt misses the tyrant leech.
The tyrant leech is heavily wounded.
The tyrant leech bites you!
You die...

## ## ##.
.## #..#..#
## #†# ##
##.###†#
#.#
#...##.##.#
#.†.<.†#
####@##.#
#w# #.# $#w
## .. ..
##. .## ##
##


You could see 2 tyrant leeches.

Vanquished Creatures
  2 hippogriffs (D)
  4 worker ants (D)
  2 worms (D)
8 creatures vanquished.

Vanquished Creatures (others)
  Menkaure (D)
  A crocodile (D)
2 creatures vanquished.

Grand Total: 10 creatures vanquished

Notes
Turn   | Place    | Note
-------+----------+-------------------------------------------
     0 | D        | potatolord5000 the Minotaur Fighter began the quest for the Orb.
     0 | D        | Reached XP level 1. HP: 19/19 MP: 0/0
     1 | D        | Noticed a worker ant
     1 | D        | Noticed a worker ant
     5 | D        | Killed a worker ant
     5 | D        | Reached skill level 5 in Fighting
     5 | D        | Reached skill level 5 in Armour
     5 | D        | Reached skill level 5 in Shields
     5 | D        | Reached XP level 2. HP: 29/29 MP: 1/1
     8 | D        | Reached XP level 3. HP: 37/37 MP: 2/2
    14 | D        | Reached XP level 4. HP: 44/45 MP: 3/3
    22 | D        | Killed Menkaure
    24 | D        | Noticed a hippogriff
    24 | D        | Noticed a hippogriff
    29 | D        | Killed a hippogriff
    29 | D        | Reached XP level 5. HP: 56/56 MP: 4/4
    31 | D        | Killed a hippogriff
    31 | D        | Reached XP level 6. HP: 64/64 MP: 5/5
    53 | D        | Noticed a tyrant leech
    53 | D        | Noticed a tyrant leech
    65 | D        | HP: 3/64 [tyrant leech (27)]
    71 | D        | Slain by a tyrant leech

Vault maps used:
D:        the_violet_keep_of_menkaure

Skill      XL: |  1  2  3  4  5 |
---------------+----------------+-----
Fighting       | 5 6 8 9 |  9.5
Axes           | 3 7 8 |  8.6
Armour         | 5 6 8 9 |  9.3
Shields        | 5 6 8 9 |  9.7

Action                   |  1- 3 |  4- 6 || total
-------------------------+-------+-------++-------
Melee: War axe           |     9 |    28 ||    37
       Headbutt          |       |     2 ||     2
  Use: Potion            |     1 |     3 ||     4
Armor: Scale mail        |     4 |     5 ||     9
Dodge: Dodged            |     1 |     8 ||     9
Block: Shield            |     5 |    10 ||    15
